 Dungeon Crawl Stone Soup version 0.26-a0-665-gefeb406119 (webtiles) character file.

Game seed: 16267704830534220330

42 dolemite99 the Poker (level 3, -1/29 HPs)
             Began as a Formicid Fighter on Oct 15, 2020.
             Was an Initiate of Okawaru.
             Slain by a worker ant (4 damage)
             ... on level 4 of the Dungeon.
             The game lasted 00:01:35 (1464 turns).

dolemite99 the Poker (Formicid Fighter)             Turns: 1464, Time: 00:01:35

Health: -1/29      AC:  6    Str: 21    XL:     3   Next: 80%
Magic:  3/3        EV:  7    Int:  7    God:    Okawaru [......]
Gold:   53         SH: 11    Dex: 10    Spells: 2/2 levels left

rFire    . . .     SeeInvis +   a - +0 trident
rCold    . . .     Faith    .   h - +2 kite shield
rNeg     . . .     Spirit   .   b - +0 scale mail
rPois    .         Reflect  .   (helmet unavailable)
rElec    .         Harm     .   (no cloak)
rCorr    .         Rampage  .   (no gloves)
MR       .....                  (no boots)
Stlth    ..........             (no amulet)
HPRegen  0.09/turn              (no ring)
MPRegen  0.08/turn              (no ring)

@: mighty, lethally poisoned (-1 -> -13)
A: permanent stasis, dig shafts and tunnels, four strong arms, antennae 3
a: Dig, Shaft Self, Renounce Religion


You were on level 4 of the Dungeon.
You worshipped Okawaru.
Okawaru was noncommittal.
You visited 1 branch of the dungeon, and saw 3 of its levels.

You collected 53 gold pieces.

Inventory:

Hand Weapons
 a - a +0 trident (weapon)
Missiles
 g - 18 poisoned darts (quivered)
Armour
 b - a +0 scale mail (worn)
 h - a +2 kite shield (worn)
Scrolls
 e - 3 scrolls of remove curse {unknown}
 f - 3 scrolls of identify {unknown}
 j - a scroll of fear {unknown}
 l - a scroll of amnesia {unknown}
Potions
 c - a potion of flight {unknown}
 i - a potion of heal wounds {unknown}
 k - a potion of degeneration {unknown}
 m - a potion of brilliance {unknown}


   Skills:
 - Level 3.2 Fighting
 + Level 3.8 Polearms
 - Level 3.2 Armour
 - Level 3.6 Shields


You had 2 spell levels left.
You didn't know any spells.
Your spell library was empty.

Dungeon Overview and Level Annotations

Branches:
Dungeon (2/15)

Altars:
Okawaru


Innate Abilities, Weirdness & Mutations

You cannot be hasted, slowed, berserked, paralysed or teleported.
You can dig through walls and to a lower floor.
Your four strong arms can wield two-handed weapons with a shield.
You have a pair of large antennae on your head. (SInv)


Message History

You are poisoned.
The worker ant poisons you!
The orc hits you from afar with a +0 trident.
You completely miss the worker ant.
You feel sick. The worker ant bites you.
You are more poisoned.
The worker ant poisons you!
The orc hits you from afar with a +0 trident.
The worker ant bites you.
* * * LOW HITPOINT WARNING * * *
You hit the worker ant.
The worker ant is moderately wounded.
* * * LOW HITPOINT WARNING * * *
You feel sick.
The orc hits you from afar with a +0 trident.
* * * LOW HITPOINT WARNING * * *
You block the worker ant's attack.
You feel very mighty all of a sudden.
* * * LOW HITPOINT WARNING * * *
You feel sick. The worker ant bites you.
You die...

# # .# #. .##.# ##
.##.#+# ##..... .
.#.....####........#
#..........##.##..#
#.......[..#...#..#
##.................#
#(.....$......@....#
#...........oB.....#
...#######..#...#..#
##.##.##..##
#.B.......#
###.......#
#######..# (#


You could see a worker ant and an orc.

Vanquished Creatures
  An adder (D:2)
  A leopard gecko (D:1)
  7 goblins
  A hobgoblin (D:1)
  4 jackals (D:2)
  7 bats
  A frilled lizard (D:1)
  5 kobolds
  3 rats
30 creatures vanquished.

Notes
Turn   | Place    | Note
-------+----------+-------------------------------------------
     0 | D:1      | dolemite99 the Formicid Fighter began the quest for the
                  | Orb.
     0 | D:1      | Reached XP level 1. HP: 18/18 MP: 1/1
    95 | D:1      | Reached XP level 2. HP: 13/24 MP: 2/2
  1136 | D:2      | Reached XP level 3. HP: 29/29 MP: 3/3
  1445 | D:2      | You fall into a shaft and drop 2 floors!
  1445 | D:4      | Found an iron altar of Okawaru.
  1457 | D:4      | Became a worshipper of Warmaster Okawaru
  1464 | D:4      | Slain by a worker ant

Illustrated notes

Levels and vault maps discovered:
D:1:      mrwooster_arrival_arrow, layout_basic
D:2:      wad_lake_hut, layout_loops_ring, minmay_split_cup_small, uniq_terence
D:4:      layout_basic, okawaru_gym_becter, gammafunk_temple_overflow_arena,
          zin_statuary, minmay_temple_entry_steel_oval, gammafunk_ghost_icy

Skill      XL: |  1  2 |
---------------+-------+-----
Polearms       | 3 |  3.8
Fighting       | |  3.2
Armour         | |  3.2
Shields        | |  3.6

Action                   || total
-------------------------++-------
Melee: Trident           ||   116
Throw: Dart              ||     8
  Use: Potion            ||     1
Armor: Scale mail        ||    36
Dodge: Dodged            ||    26
Block: Kite shield       ||    66

Table legend: (Time is in decaauts)
 A = Elapsed time spent in this place.
 B = Non-inter-level travel time spent in this place.
 C = Inter-level travel time spent in this place.
 D = Time resting spent in this place.
 E = Time spent auto-exploring this place.
 F = Levels seen in this place.
 G = Mean time per level.
                   A        B        C        D        E       F      G
               +--------+--------+--------+--------+--------+-----+--------+
         Total |   1488 |   1411 |     77 |    331 |    783 |   3 |  496.0 |
       Dungeon |   1488 |   1411 |     77 |    331 |    783 |   3 |  496.0 |
               +--------+--------+--------+--------+--------+-----+--------+

Top non-repeatable levels by time:
     D:1: 1131 daAuts
     D:2: 336 daAuts
     D:4: 19 daAuts
